 Dungeon Crawl Stone Soup version 0.19.1 (webtiles) character file.

3494 Kasbe the Slicer (level 9, 0/81 HPs)
             Began as a Minotaur Berserker on Dec 9, 2016.
             Was an Elder of Trog.
             Slain by a porcupine (8 damage)
             ... on level 8 of the Dungeon.
             The game lasted 00:38:57 (7662 turns).

Kasbe the Slicer (Minotaur Berserker)               Turns: 7662, Time: 00:38:58

Health: 0/81       AC: 11    Str: 24    XL:     9   Next: 80%
Magic:  8/8        EV: 10    Int:  4    God:    Trog [****..]
Gold:   380        SH:  0    Dex: 11    Spells: 0 memorised, 8 levels left

rFire  . . .     SeeInvis .     a - +0 short sword
rCold  . . .     Gourm    .     r - +0 chain mail
rNeg   . . .     Faith    .     (no shield)
rPois  .         Spirit   .     (helmet restricted)
rElec  .         Reflect  .     (no cloak)
rCorr  .         Harm     .     (no gloves)
MR     ++...                    (no boots)
Stlth  ..........               (no amulet)
                                (no ring)
                                (no ring)

@: exhausted, regenerating, slowed, very slow
A: retaliatory headbutt, horns 2
a: Berserk, Trog's Hand, Brothers in Arms, Burn Spellbooks, Renounce Religion


You were on level 8 of the Dungeon.
You worshipped Trog.
Trog was greatly pleased with you.
You were not hungry.

You visited 1 branch of the dungeon, and saw 8 of its levels.

You collected 380 gold pieces.

Inventory:

Hand Weapons
 a - a +0 short sword (weapon)
 c - a +2 dagger of pain
 n - a cursed +0 hunting sling
 G - a +0 spear
 K - a +0 shortbow
Missiles
 I - 149 arrows
 J - 40 bolts
Armour
 b - a +0 animal skin
 r - a +0 chain mail (worn)
 t - a +0 scale mail
 N - a +0 helmet
Jewellery
 e - a +5 ring of dexterity {unknown}
 h - an uncursed ring of resist corrosion {unknown}
 m - an uncursed ring of poison resistance {unknown}
 A - an uncursed ring of flight {unknown}
 H - an uncursed amulet of magic regeneration {unknown}
 R - an uncursed ring of poison resistance {unknown}
Wands
 y - a wand of lightning (11/15)
 B - a wand of confusion (14/48)
 L - a wand of paralysis (13/24)
 Q - a wand of lightning (7/15)
Scrolls
 i - 3 scrolls of magic mapping {unknown}
 j - 9 scrolls of remove curse {unknown}
 p - 3 scrolls of teleportation {unknown}
 s - 3 scrolls of recharging {unknown}
 u - 2 scrolls of noise {unknown}
 v - 7 scrolls of identify {unknown}
 C - 2 scrolls of enchant weapon {unknown}
 E - 2 scrolls of enchant armour {unknown}
 F - a scroll of immolation {unknown}
 P - a scroll of acquirement {unknown}
 S - a scroll of amnesia {unknown}
Potions
 d - a potion of ambrosia {unknown}
 f - 5 potions of curing {unknown}
 k - 2 potions of degeneration {unknown}
 l - 2 potions of haste {unknown}
 o - 2 potions of cure mutation {unknown}
 q - a potion of lignification {unknown}
 x - 2 potions of mutation {unknown}
 z - 2 potions of flight {unknown}
 D - 2 potions of cancellation {unknown}
 M - 3 potions of heal wounds {unknown}
Comestibles
 g - 8 fruits
 w - 8 bread rations
 O - 6 beef jerkies


   Skills:
 + Level 7.9 Fighting
 + Level 9.6 Short Blades
 + Level 3.5 Polearms
 + Level 9.5 Armour
 + Level 5.0 Dodging
 + Level 2.2 Stealth


You had 8 spell levels left.
You didn't know any spells.

Dungeon Overview and Level Annotations

Branches:
Dungeon (8/15)             Temple (0/1) D:4
   Lair: D:8-11

Altars:
Dithmenos
Hepliaklqana
Makhleb
Trog
Zin


Innate Abilities, Weirdness & Mutations

You reflexively headbutt those who attack you in melee.
You have a pair of horns on your head.


Message History

Trog's vigour flows through your veins.
You are exhausted.
You feel yourself slow down.
You hit the yak. You headbutt the yak.
The yak is heavily wounded.
The yak gores you but does no damage. The porcupine bites you!
* * * LOW HITPOINT WARNING * * *
The yak gores you but does no damage.
Your skin crawls.
You feel resistant to hostile enchantments.
You feel somewhat more hungry. The porcupine bites you.
* * * LOW HITPOINT WARNING * * *
The yak gores you but does no damage. The porcupine bites you!
* * * LOW HITPOINT WARNING * * *
The yak gores you.
* * * LOW HITPOINT WARNING * * *
You barely miss the porcupine. Your headbutt misses the porcupine.
The porcupine bites you!
You die...

......P.......
....Y........
...PPP......#
...P......♣.# #. .
.P.......# #.
#.Y♣..l..P####.
#.####..r...?.....
#....####YY.#
#.#.@rY†Y..## ###
#...r8Y8....# ##.##
##.8Y.rl.8..#
##...#####..........#
...........##'##..##
...#####.##._.##.#
#######.# #..#####..#
........######........##
...............#.#####


You could see 6 yaks, 2 porcupines, a leopard gecko and a rat.

Vanquished Creatures
  Sigmund (D:3)
  Menkaure (D:7)
  2 porcupines (D:8)
  2 sky beasts
  2 ice beasts
  2 orc warriors
  7 ogres
  4 centaurs
  A crocodile (D:8)
  4 bullfrogs
  A gnoll sergeant (D:6)
  3 scorpions
  4 wights (D:6)
  2 crimson imps
  A bullfrog skeleton (D:7)
  A hound (D:6)
  3 orc priests (D:5)
  2 orc wizards
  Ijyb (D:2)
  3 iguanas
  Natasha (D:3)
  2 worker ants
  2 worker ant zombies (D:6)
  12 gnolls
  A river rat (D:8)
  10 adders
  5 oozes
  An adder zombie (D:7)
  6 worms
  A dart slug (D:5)
  6 leopard geckos
  14 orcs
  6 bats
  6 giant cockroaches
  7 goblins
  7 hobgoblins
  4 jackals
  9 kobolds
  5 quokkas
  A ball python (D:2)
  A frilled lizard (D:1)
  A jackal zombie (D:4)
  A quokka skeleton (D:5)
  A quokka zombie (D:6)
  15 rats
172 creatures vanquished.

Vanquished Creatures (others)
  A wizard (D:5)
  An orc (D:3)
  A fungus (D:8)
3 creatures vanquished.

Grand Total: 175 creatures vanquished

Notes
Turn   | Place    | Note
-------+----------+-------------------------------------------
     0 | D:1      | Kasbe the Minotaur Berserker began the quest for the Orb.
     0 | D:1      | Reached XP level 1. HP: 19/19 MP: 0/0
   259 | D:1      | Reached XP level 2. HP: 26/27 MP: 1/1
  1072 | D:2      | Reached XP level 3. HP: 32/33 MP: 2/2
  1103 | D:2      | Reached ** piety under Trog
  1257 | D:2      | Reached XP level 4. HP: 38/40 MP: 3/3
  1457 | D:2      | Noticed Ijyb
  1478 | D:2      | Killed Ijyb
  1805 | D:2      | Paralysed by fainting for 7 turns
  1860 | D:3      | Noticed Natasha
  1864 | D:3      | Noticed Sigmund
  1889 | D:3      | Reached XP level 5. HP: 47/47 MP: 4/4
  1898 | D:3      | Killed Sigmund
  1898 | D:3      | Reached skill level 5 in Fighting
  1898 | D:3      | Reached skill level 5 in Short Blades
  1898 | D:3      | Reached skill level 1 in Stealth
  1898 | D:3      | Reached XP level 6. HP: 56/56 MP: 5/5
  1901 | D:3      | Killed Natasha
  2023 | D:3      | Found a shadowy altar of Dithmenos.
  2327 | D:3      | Reached *** piety under Trog
  2867 | D:4      | Found a staircase to the Ecumenical Temple.
  3478 | D:5      | Entered Level 5 of the Dungeon
  3534 | D:5      | Reached XP level 7. HP: 54/61 MP: 6/6
  3623 | D:5      | Reached skill level 5 in Armour
  3642 | D:5      | Found a bloodstained altar of Trog.
  3644 | D:5      | Noticed a wizard
  3648 | D:5      | Killed a wizard
  4157 | D:6      | Found a burning altar of Makhleb.
  4652 | D:5      | Reached XP level 8. HP: 14/70 MP: 7/7
  4847 | D:6      | Reached skill level 1 in Polearms
  5584 | D:6      | Reached **** piety under Trog
  6311 | D:7      | Reached XP level 9. HP: 78/78 MP: 8/8
  6579 | D:7      | Found a hazy altar of Hepliaklqana.
  6705 | D:7      | Noticed Menkaure
  6715 | D:7      | Killed Menkaure
  7368 | D:7      | Reached skill level 5 in Dodging
  7632 | D:8      | Found a glowing silver altar of Zin.
  7662 | D:8      | Slain by a porcupine

Skill      XL: |  1  2  3  4  5  6  7  8  9 |
---------------+----------------------------+-----
Fighting       | 4 5 6 7 |  7.9
Short Blades   | 4 5 6 7 9 |  9.6
Armour         | 3 4 6 8 9 |  9.5
Dodging        | 3 4 5 |  5.0
Stealth        | 1 2 |  2.2
Polearms       | 3 |  3.5

Action                   |  1- 3 |  4- 6 |  7- 9 || total
-------------------------+-------+-------+-------++-------
Melee: Short sword       |    91 |   174 |   342 ||   607
       Headbutt          |    14 |    35 |   108 ||   157
       Spear             |       |       |    50 ||    50
Invok: Berserk           |     2 |     1 |     7 ||    10
       Trog's Hand       |       |       |     5 ||     5
 Stab: Sleeping          |     2 |       |       ||     2
  Eat: Chunk             |     2 |     2 |    12 ||    16
       Bread ration      |       |     1 |     1 ||     2
       Beef jerky        |       |     1 |     1 ||     2
       Meat ration       |       |       |     1 ||     1
Armor: Animal skin       |    11 |       |       ||    11
       Chain mail        |     3 |    54 |   182 ||   239
Dodge: Dodged            |    43 |    73 |   176 ||   292
